 Dungeon Crawl Stone Soup version 0.16.1-11-g651b585 (webtiles) character file.

52 nubinia the Conjurer (level 3, 0/16 HPs)
             Began as a Spriggan Conjurer on Apr 7, 2015.
             Succumbed to an adder's poison
             ... on level 2 of the Dungeon.
             The game lasted 00:06:39 (1399 turns).

nubinia the Conjurer (Spriggan Conjurer)            Turns: 1399, Time: 00:06:39

Health: 0/16       AC:  2    Str:  4    XL:     3   Next: 60%
Magic:  2/11       EV: 18    Int: 17    God:
Gold:   75         SH:  0    Dex: 16    Spells: 2 memorised, 4 levels left

rFire  + . .     SeeInvis +     f - +1 short sword (vamp)
rCold  x . .     Clarity  .     a - +0 robe
rNeg   . . .     SustAb   .     (shield restricted)
rPois  .         Gourm    .     (helmet restricted)
rElec  .         Spirit   .     (no cloak)
rCorr  .         Warding  .     (gloves unavailable)
rMut   .         Stasis   .     (boots unavailable)
MR     .....                    (no amulet)
Stlth  +++.......               (no ring)
                                j - ring of fire

@: lethally poisoned (0 -> -5), very slightly contaminated, very quick, not
resistant to hostile enchantments, fairly stealthy
A: unfitting armour, see invisible, herbivore 3, speed 3, slow metabolism 2
a: no special abilities


You were on level 2 of the Dungeon.
You were not hungry.

You visited 1 branch of the dungeon, and saw 2 of its levels.

You collected 75 gold pieces.

Inventory:

Hand weapons
 e - a +0 dagger
 f - a +1 vampiric short sword (weapon)
Armour
 a - a +0 robe (worn)
Jewellery
 j - a ring of fire (left hand)
Scrolls
 d - a scroll of enchant weapon {unknown}
 i - a scroll of amnesia {unknown}
Potions
 g - a potion of lignification {unknown}
 h - a potion of ambrosia {unknown}
Books
 c - a book of Conjurations

   Spells                             Type                      Level
   a - Magic Dart                     Conjuration                  1
   b - Searing Ray                    Conjuration                  2
   c - Dazzling Spray                 Conjuration/Hexes            3
   d - Fulminant Prism                Conjuration/Hexes            4
   e - Iskenderun's Mystic Blast      Conjuration                  4
   f - Iskenderun's Battlesphere      Conjuration/Charms           5
Comestibles
 b - 3 bread rations


   Skills:
 + Level 3.2 Dodging
 + Level 3.2 Stealth
 + Level 3.2 Spellcasting
 + Level 3.6 Conjurations
 * Level 1.0 Hexes


You had 4 spell levels left.
You knew the following spells:

 Your Spells              Type           Power        Failure   Level  Hunger
a - Magic Dart            Conj           ###.         4%          1    None
b - Dazzling Spray        Conj/Hex       ##......     21%         3    ###....


Dungeon Overview and Level Annotations

Branches:
Dungeon (2/15)

Altars:


Innate Abilities, Weirdness & Mutations

You are tiny and cannot use many weapons and most armour.
You have supernaturally acute eyesight.
You are a herbivore.
You cover ground extremely quickly.
You need consume almost no food.


Message History

Unknown command.
Casting: Magic Dart
Confirm with . or Enter, or press ? or * to list all spells.
Aiming: Magic Dart
Press: ? - help, Shift-Dir - straight line, f/p - adder
Aim: an adder (almost dead)
The magic dart hits the adder.
You kill the adder!
Your Hexes skill increases to level 1!
The kobold throws a stone.
The stone barely misses you.
You feel sick. The kobold completely misses you.
You see here an adder corpse.
You closely miss the kobold. The kobold completely misses you.
You hit the kobold but do no damage.
* * * LOW HITPOINT WARNING * * *
You feel sick. The kobold barely misses you.
You hit the kobold but do no damage. The kobold hits you.
* * * LOW HITPOINT WARNING * * *
You closely miss the kobold.
You die...

#....# #.
#....# #.
######....# #.
#...).....# #.
# #.####....#
#. #. #.#
#....#####. #..
#.# ##>........
#...###.#
#.#######.
#...K@((#
#...#####.
##.#####.#
#.#....##. ##
.# #.........
...# #.####.##.
#.####......##.
#......#######.
##.#.#.# ##
#.#.#.# #.#.#.#


You could see a kobold.

Vanquished Creatures
  An adder (D:2)
  A giant mite (D:1)
  3 giant cockroaches
  5 hobgoblins
  2 jackals (D:1)
  7 kobolds (D:1)
  2 ball pythons (D:1)
  5 bats
  2 giant newts (D:1)
  5 goblins (D:1)
  2 rats (D:1)
35 creatures vanquished.

Notes
Turn   | Place    | Note
--------------------------------------------------------------
     0 | D:1      | nubinia, the Spriggan Conjurer, began the quest for the Orb.
     0 | D:1      | Reached XP level 1. HP: 9/9 MP: 4/4
   412 | D:1      | Reached XP level 2. HP: 13/13 MP: 0/7
   911 | D:1      | Reached XP level 3. HP: 16/16 MP: 2/10
   916 | D:1      | Learned a level 3 spell: Dazzling Spray
  1394 | D:2      | Reached skill level 1 in Hexes
  1399 | D:2      | Succumbed to an adder's poison

Action                   || total
-------------------------++-------
Melee: Dagger            ||     5
       Short sword       ||    26
 Cast: Magic Dart        ||    73
 Stab: Sleeping          ||     1
  Eat: Bread ration      ||     1
